Map: Romanticide LE

Players

nanotubes - Winner!

  • Race: Protoss Protoss
  • League: Diamond
  • Spawn Location: 5:00

PandaExpress

  • Race: Protoss Protoss
  • League: Diamond
  • Spawn Location: 11:00

VOD

Have the link to the VOD?

Description

Time

  • Played on: Nov. 9, 2020, 11:12 p.m.
  • Length: 16:21
Show
View Real Time Build Order
Export as new Build Order

nanotubes Protoss - Winner!

Build Orders: 1 Gate Expand, Oracle Opening 

Get SALT Encoding   

  12  0:00  Probe  
  13  0:13  Probe  
  14  0:26  Pylon  
  14  0:29  Probe  
  15  0:44  Probe (Chrono Boost)  
  15  0:45  Gateway  
  16  0:51  Assimilator  
  16  0:56  Probe (Chrono Boost)  
  17  1:00  Probe (Chrono Boost)  
  18  1:10  Probe  
  19  1:32  Nexus  
  19  1:40  Cybernetics Core  
  19  1:46  Probe  
  20  1:48  Assimilator  
  20  1:52  Pylon  
  20  2:02  Probe  
  21  2:11  Adept  
  21  2:14  Probe  
  22  2:19  Warp Gate (Chrono Boost)  
  24  2:26  Probe  
  25  2:36  Shield Battery  
  25  2:38  Probe  
  25  2:44  Stargate  
  26  2:50  Probe  
  27  2:51  Probe  
  28  2:59  Gateway  
  28  3:03  Probe  
  29  3:06  Probe  
  30  3:15  Probe  
  30  3:16  Adept  
  33  3:25  Probe  
  34  3:27  Probe  
  35  3:44  Oracle (Chrono Boost)  
  35  3:45  Probe x2  
  38  3:54  Twilight Council  
  38  3:55  Forge  
  38  3:57  Gateway  
  38  3:59  Pylon, Probe  
  39  4:05  Void Ray (Chrono Boost), Probe  
  40  4:11  Probe  
  40  4:15  Pylon  
  45  4:19  Protoss Ground Weapons Level 1  
  45  4:20  Probe  
  45  4:23  Probe  
  47  4:28  Charge (Chrono Boost)  
  47  4:32  Probe  
  47  4:34  Assimilator  
  47  4:36  Probe  
  49  4:41  Stalker, Assimilator  
  51  4:47  Probe  
  51  4:48  Probe  
  53  4:59  Probe  
  54  5:07  Probe  
  54  5:11  Probe  
  56  5:19  Nexus, Probe  
  57  5:22  Pylon  
  57  5:23  Probe, Robotics Facility  
  57  5:24  Pylon  
  58  5:31  Probe  
  58  5:33  Sentry  
  61  5:38  Pylon  
  61  5:43  Stalker x2  
  61  5:47  Probe x2  
  67  5:59  Stalker  
  69  6:11  Stalker x2  
  71  6:17  Probe x2  
  75  6:30  Zealot  
  73  6:38  Probe x2  
  73  6:41  Probe  
  73  6:43  Protoss Ground Weapons Level 2 (Chrono Boost)  
  73  6:45  Observer (Chrono Boost)  
  75  6:50  Probe  
  75  6:51  Forge  
  75  6:54  Gateway  
  75  6:55  Zealot  
  75  6:56  Zealot x2  
  75  6:58  Observer (Chrono Boost)  
  79  7:03  Blink  
  75  7:18  Observer  
  75  7:19  Photon Cannon x2  
  75  7:21  Photon Cannon  
  73  7:23  Shield Battery  
  73  7:24  Stalker x3  
  73  7:29  Void Ray (Chrono Boost)  
  79  7:33  Probe  
  79  7:39  Observer  
  84  7:44  Probe  
  85  7:52  Pylon x2  
  85  7:54  Pylon x2  
  85  7:56  Pylon  
  85  7:59  Pylon  
  85  8:10  Pylon, Probe x2  
  87  8:22  Probe x2  
  87  8:25  Assimilator  
  89  8:29  Observer  
  89  8:30  Nexus  
  89  8:38  Probe  
  89  8:40  Assimilator  
  90  8:56  Probe  
  90  8:58  Probe  
  90  9:00  Nexus  
  92  9:05  Protoss Ground Armor Level 1 (Chrono Boost)  
  92  9:08  Probe  
  92  9:09  Robotics Bay  
  93  9:10  Probe  
  93  9:11  Oracle, Robotics Facility  
  93  9:12  Observer  
  97  9:20  Probe  
  97  9:22  Probe  
  99  9:29  Nexus  
  99  9:31  Pylon  
  99  9:32  Probe  
  99  9:34  Probe  
  101  9:42  Immortal  
  101  9:43  Sentry x3  
  107  9:48  Protoss Ground Weapons Level 3 (Chrono Boost)  
  107  9:52  Gateway  
  111  9:55  Gateway  
  111  9:59  Probe  
  112  10:04  Extended Thermal Lance  
  112  10:08  Probe  
  113  10:19  Stalker x2  
  113  10:20  Stalker  
  113  10:21  Stalker  
  121  10:25  Colossus (Chrono Boost)  
  127  10:40  Photon Cannon  
  127  10:41  Shield Battery  
  127  10:46  Photon Cannon  
  127  10:51  Probe x2  
  127  10:54  Photon Cannon x2  
  127  10:56  Shield Battery  
  129  10:57  Probe  
  130  11:09  Colossus (Chrono Boost)  
  130  11:10  Colossus (Chrono Boost)  
  130  11:11  Probe  
  130  11:13  Protoss Ground Armor Level 2 (Chrono Boost)  
  143  11:31  Probe  
  144  11:33  Protoss Air Weapons Level 1 (Chrono Boost)  
  144  11:38  Fleet Beacon  
  144  11:39  Probe x3  
  147  11:45  Stargate  
  146  11:48  Pylon  
  146  11:51  Probe x2, Photon Cannon  
  148  11:54  Shield Battery  
  148  11:56  Assimilator  
  148  11:58  Assimilator  
  148  12:00  Pylon  
  148  12:02  Pylon  
  148  12:14  Immortal x2 (Chrono Boost)  
  156  12:27  Carrier x2 (Chrono Boost)  
  168  12:30  Stargate  
  168  12:40  Protoss Shields Level 1 (Chrono Boost)  
  168  12:42  Immortal x2  
  168  12:43  Probe  
  169  12:46  Photon Cannon x2  
  169  12:48  Photon Cannon  
  169  12:49  Photon Cannon  
  169  12:50  Shield Battery  
  169  12:54  Shield Battery  
  169  12:57  Shield Battery  
  177  13:16  Carrier (Chrono Boost)  
  177  13:17  Carrier x2 (Chrono Boost), Assimilator  
  177  13:18  Assimilator  
  192  13:34  Protoss Air Weapons Level 2 (Chrono Boost)  
  190  13:51  Warp Prism x2 (Chrono Boost)  
  170  14:16  Tempest x2 (Chrono Boost)  
  162  14:23  Zealot x2  
  162  14:24  Zealot x2  
  172  14:32  Observer  
  172  14:45  Gateway  
  172  14:47  Gateway  
  172  14:48  Stalker x2  
  172  14:49  Stalker x4, Gateway  
  172  14:51  Gateway  
  184  14:53  Gateway  
  184  14:56  Gateway  
  172  15:25  Zealot  
  172  15:26  Zealot x5  
  174  15:46  Stalker x2  
  174  15:47  Stalker x4  
  174  15:48  Zealot x4  
  184  16:12  Stalker x2  
  184  16:13  Stalker x4, Zealot  
  184  16:14  Zealot  
Show
View Real Time Build Order
Export as new Build Order

PandaExpress Protoss 

Build Orders:  

Get SALT Encoding   

  12  0:00  Probe  
  13  0:13  Probe  
  14  0:17  Pylon  
  14  0:25  Probe  
  15  0:37  Gateway  
  15  0:38  Probe  
  16  0:50  Probe  
  16  0:52  Assimilator  
  17  1:02  Probe  
  18  1:05  Gateway  
  18  1:15  Probe  
  19  1:27  Probe, Cybernetics Core  
  20  1:36  Pylon  
  20  1:39  Probe  
  20  1:45  Assimilator  
  20  1:51  Probe  
  21  2:12  Nexus  
  21  2:14  Probe  
  21  2:15  Warp Gate (Chrono Boost)  
  22  2:22  Zealot  
  24  2:26  Probe  
  25  2:32  Stalker  
  27  2:38  Probe  
  27  2:43  Pylon  
  28  2:50  Probe  
  29  2:53  Stalker  
  31  3:03  Probe  
  27  3:05  Stalker  
  34  3:20  Twilight Council  
  34  3:22  Pylon  
  32  3:41  Probe  
  32  3:42  Stalker x2  
  37  3:51  Twilight Council  
  37  3:57  Robotics Facility  
  37  4:02  Gateway  
  37  4:07  Probe  
  37  4:08  Probe  
  39  4:19  Pylon, Probe  
  39  4:20  Probe  
  41  4:25  Charge (Chrono Boost)  
  41  4:31  Zealot  
  43  4:34  Sentry  
  43  4:35  Probe  
  46  4:38  Probe  
  47  4:48  Probe  
  47  4:51  Warp Prism  
  41  5:08  Stalker  
  41  5:12  Probe (Chrono Boost)  
  41  5:13  Probe (Chrono Boost)  
  45  5:21  Stalker  
  45  5:23  Probe (Chrono Boost)  
  45  5:25  Probe (Chrono Boost)  
  49  5:28  Probe (Chrono Boost), Shield Battery  
  50  5:36  Shield Battery  
  50  5:37  Probe  
  50  5:40  Probe  
  52  5:49  Probe  
  53  5:52  Probe  
  52  6:01  Probe  
  54  6:04  Probe  
  54  6:13  Probe  
  54  6:14  Zealot x2  
  54  6:15  Zealot  
  54  6:16  Probe  
  61  6:25  Probe  
  61  6:28  Probe  
  52  6:41  Probe  
  52  6:42  Probe  
  52  6:46  Zealot x2  
  52  6:47  Zealot  
  60  6:57  Probe x2  
  56  7:09  Probe x2  
  56  7:10  Nexus  
  56  7:20  Zealot x3  
  56  7:21  Probe x2  
  58  7:33  Probe  
  58  7:34  Probe  
  60  7:37  Pylon  
  60  7:40  Zealot x2, Pylon  
  60  7:41  Zealot, Pylon  
  66  7:48  Probe  
  67  7:58  Gateway, Probe  
  66  8:02  Gateway  
  66  8:03  Gateway  
  62  8:05  Probe  
  62  8:06  Gateway  
  62  8:10  Probe  
  58  8:18  Gateway, Probe  
  59  8:21  Gateway  
  59  8:22  Probe, Assimilator  
  59  8:23  Gateway  
  59  8:24  Assimilator  
  59  8:25  Gateway  
  59  8:26  Probe  
  59  8:28  Zealot x3  
  59  8:30  Probe  
  66  8:34  Probe  
  66  8:35  Warp Prism  
  66  8:38  Probe  
  66  8:40  Assimilator  
  70  8:42  Probe  
  70  8:45  Assimilator  
  70  8:46  Templar Archives, Probe  
  72  8:50  Probe  
  72  8:54  Probe  
  74  8:58  Probe  
  74  9:02  Probe  
  76  9:06  Probe  
  77  9:10  Probe  
  77  9:14  Probe  
  79  9:18  Probe  
  79  9:22  Probe  
  81  9:24  Zealot  
  81  9:25  Zealot x3  
  81  9:28  Stalker  
  81  9:30  Stalker  
  93  9:31  Probe  
  93  9:32  Nexus  
  93  9:34  Pylon  
  93  9:36  Pylon  
  94  9:39  Pylon  
  94  9:44  Forge, High Templar  
  94  9:45  Forge, High Templar x3  
  100  9:46  High Templar  
  100  9:47  High Templar  
  100  9:52  Probe x2  
  108  9:53  Probe  
  113  10:00  Immortal  
  113  10:05  High Templar  
  115  10:07  Stalker x2  
  115  10:10  Stalker  
  115  10:11  Archon x3  
  115  10:12  Pylon  
  121  10:15  Zealot  
  121  10:18  Probe x2  
  121  10:19  Probe  
  126  10:24  Photon Cannon  
  126  10:27  Photon Cannon  
  126  10:28  Protoss Ground Weapons Level 1 (Chrono Boost)  
  124  10:29  Zealot x2, Psionic Storm, Protoss Ground Armor Level 1 (Chrono Boost)  
  124  10:30  Probe  
  124  10:31  Probe  
  130  10:46  Immortal  
  135  11:04  Probe  
  135  11:09  Photon Cannon  
  135  11:10  Assimilator  
  135  11:11  Photon Cannon  
  135  11:13  Stalker  
  135  11:14  Stalker, Photon Cannon  
  135  11:15  Assimilator  
  135  11:16  Stalker  
  135  11:17  Photon Cannon  
  139  11:20  Shield Battery  
  139  11:22  Stalker  
  141  11:27  Probe  
  141  11:28  Probe x2  
  141  11:30  Stalker  
  141  11:32  Probe  
  147  11:33  Zealot  
  147  11:34  Zealot x3  
  155  11:43  Probe  
  156  11:59  Pylon  
  156  12:02  Pylon  
  156  12:04  Photon Cannon  
  156  12:06  Pylon, Photon Cannon  
  156  12:08  Pylon  
  156  12:10  Photon Cannon  
  156  12:11  Pylon  
  156  12:14  Immortal  
  154  12:18  Pylon  
  154  12:20  Pylon  
  150  12:26  Probe (Chrono Boost)  
  151  12:35  Probe (Chrono Boost), Photon Cannon  
  151  12:36  Photon Cannon  
  153  12:37  High Templar x2, Photon Cannon  
  153  12:38  High Templar x6, Probe (Chrono Boost)  
  153  12:39  High Templar  
  153  12:40  High Templar, Probe (Chrono Boost)  
  153  12:41  Gateway, High Templar  
  153  12:43  Protoss Ground Weapons Level 2 (Chrono Boost), Gateway, Archon  
  153  12:44  Archon x3  
  176  12:45  Archon  
  176  12:46  Protoss Ground Armor Level 2 (Chrono Boost)  
  176  12:52  Probe  
  176  12:57  Immortal  
  181  12:59  Probe  
  181  13:00  Probe  
  181  13:01  Probe  
  181  13:04  Probe  
  185  13:10  High Templar  
  185  13:11  Zealot x3, Probe  
  185  13:12  Zealot  
  196  13:13  Zealot  
  196  13:15  Zealot  
  196  13:19  Archon  
  198  13:38  Pylon  
  198  13:40  Photon Cannon  
  192  13:45  Pylon  
  192  13:47  Pylon, High Templar  
  192  13:48  High Templar x5  
  180  13:50  Zealot x3  
  180  13:51  Zealot x4  
  182  14:07  Archon  
  138  14:17  Stalker x5  
  138  14:18  Stalker x2  
  138  14:19  Blink (Chrono Boost)  
  138  14:21  Probe  
  149  14:33  Zealot x5  
  149  14:34  Zealot  
  161  14:46  Immortal  
  161  14:48  Nexus  
  161  14:50  Stalker x2  
  161  14:51  Pylon  
  161  14:52  Pylon  
  169  14:53  Stalker  
  169  14:55  Pylon  
  169  14:56  High Templar x3  
  169  14:57  High Templar  
  179  15:05  Pylon  
  150  15:23  Stalker x7  
  150  15:24  Stalker  
  134  15:43  Stalker x2  
  134  15:44  Stalker x3  
  138  15:55  Stalker x2  
  138  15:56  Stalker x4  
  138  15:57  Stalker  
  114  16:10  Stalker x5  
Tags
 
Add a new tag
Caveats
  • Supply blocks, unpowered buildings, or Contaminate may cause inaccurate times.
  • Supply counts are checked every 10 seconds.